 Dungeon Crawl Stone Soup version 0.26.1-11-gd32895ea62 (webtiles) character file.

Game seed: 6062202954543280469

53 Zeld the Twirler (level 3, -6/24 HPs)
             Began as an Octopode Gladiator on May 22, 2021.
             Was an Initiate of Okawaru.
             Mangled by a hobgoblin
             ... wielding a +1 dagger of electrocution
              (9 damage)
             ... on level 2 of the Dungeon.
             The game lasted 00:01:48 (2248 turns).

Zeld the Twirler (Octopode Gladiator)               Turns: 2248, Time: 00:01:49

Health: -6/24      AC:  1    Str: 14    XL:     3   Next: 89%
Magic:  3/3        EV: 14    Int: 10    God:    Okawaru [......]
Gold:   137        SH:  0    Dex: 13    Spells: 2/2 levels left

rFire    . . .     SeeInvis .   a - +0 quarterstaff
rCold    . . .     Faith    .   (shield currently unavailable)
rNeg     . . .     Spirit   .   b - +0 hat
rPois    .         Reflect  .   (no amulet)
rElec    .         Harm     .   (no ring)
rCorr    .         Rampage  .   (no ring)
Will     .....                  (no ring)
Stlth    ++........             (no ring)
HPRegen  0.08/turn              (no ring)
MPRegen  0.08/turn              (no ring)
                                (no ring)
                                (no ring)

@: no status effects
A: almost no armour, stealthy swim, amphibious, 8 rings, constrict 8, camouflage
1, gelatinous body 1
a: Renounce Religion


You were on level 2 of the Dungeon.
You worshipped Okawaru.
Okawaru was noncommittal.
You visited 2 branches of the dungeon, and saw 5 of its levels.

You collected 137 gold pieces.

Inventory:

Hand Weapons
 a - a +0 quarterstaff (weapon)
Missiles
 c - 3 throwing nets (quivered)
Armour
 b - a +0 hat (worn)
Scrolls
 d - a scroll of fog {unknown}
 e - a scroll of magic mapping {unknown}
 h - a scroll of remove curse {unknown}
 i - a scroll of enchant weapon {unknown}
 l - 2 scrolls of identify {unknown}
Potions
 f - 2 potions of mutation {unknown}
 g - a potion of haste {unknown}
 j - a potion of berserk rage
 k - a potion of curing {unknown}


   Skills:
 - Level 2.0 Fighting
 * Level 4.7 Staves
 - Level 2.0 Throwing
 - Level 3.0 Dodging


You had 2 spell levels left.
You didn't know any spells.
Your spell library was empty.

Dungeon Overview and Level Annotations

Branches:
Dungeon (4/15)             Temple (1/1) D:4

Altars:
Cheibriados
Fedhas
Gozag
Okawaru
Ru
Trog
Vehumet
Yredelemnul
Zin
The Shining One

Annotations:
D:3 Robin


Innate Abilities, Weirdness & Mutations

You cannot wear most types of armour.
You are very stealthy in the water. (Stealth+)
You are amphibious.
You can wear up to eight rings at the same time.
You can use your tentacles to constrict eight enemies at once.
Your skin changes colour to match your surroundings (Stealth+).
Your rubbery body absorbs attacks. (AC +1, EV +1)


Message History

You are electrocuted!
Ouch! That really hurt!
* * * LOW HITPOINT WARNING * * *
You are too injured to fight recklessly!
A hobgoblin is nearby!
You are too injured to fight recklessly!
A hobgoblin is nearby!
You are too injured to fight recklessly!
You are too injured to fight recklessly!
A hobgoblin is nearby!
You are too injured to fight recklessly!
Press: ? - help, v - describe, . - travel
Here: a hobgoblin, wielding a +1 dagger of electrocution (constricted by you)
The floor.
You barely miss the hobgoblin.
You constrict the hobgoblin, but do no damage.
The hobgoblin hits you with a +1 dagger of electrocution.
* * * LOW HITPOINT WARNING * * *
You are electrocuted!
You die...

#.#......# ########## #
.#......###.........
##.#....................
...#####................
........................
...................#####
##..[...############
#......#### #.....@...#
#.....g...#
...............
...####........ ...
#........ .. #........
###.?.... ######


You could see a hobgoblin.

Vanquished Creatures
  An adder (D:2)
  An adder skeleton (D:4)
  A worm (D:2)
  2 dart slugs (D:1)
  A leopard gecko (D:2)
  3 bats
  4 giant cockroaches
  4 goblins
  2 hobgoblins (D:2)
  7 kobolds
  A quokka (D:2)
  A frilled lizard (D:3)
  4 rats
32 creatures vanquished.

Notes
Turn   | Place    | Note
-------+----------+-------------------------------------------
     0 | D:1      | Zeld the Octopode Gladiator began the quest for the Orb.
     0 | D:1      | Reached XP level 1. HP: 14/14 MP: 1/1
   153 | D:2      | Reached XP level 2. HP: 13/19 MP: 2/2
   852 | D:4      | Found a staircase to the Ecumenical Temple.
   863 | Temple   | Entered the Ecumenical Temple
   926 | Temple   | Became a worshipper of Warmaster Okawaru
   946 | D:4      | Found a blossoming altar of Fedhas.
   949 | D:4      | Reached skill level 4 in Staves
   951 | D:4      | Reached XP level 3. HP: 21/24 MP: 3/3
   970 | D:3      | Noticed Robin
  2248 | D:2      | Mangled by a hobgoblin

Illustrated notes

Levels and vault maps discovered:
D:1:      scummos_arrival_forest, layout_basic, minmay_ruptured
D:2:      layout_basic
D:3:      layout_loops_corners, uniq_robin
D:4:      layout_loops_ring, minmay_temple_entry_slanted, grunt_ministairs_12,
          fedhas_bush_and_centaur_altar
Temple:   dpeg_three_leaves_temple

Skill      XL: |  1  2 |
---------------+-------+-----
Staves         | 4 |  4.7
Fighting       | |  2.0
Throwing       | |  2.0
Dodging        | |  3.0

Action                   || total
-------------------------++-------
Melee: Quarterstaff      ||    74
       Constrict         ||    23
       Tentacles         ||     7
 Stab: Sleeping          ||     3
Armor: Skin              ||     4
Dodge: Dodged            ||    61
